 Dungeon Crawl Stone Soup version 0.28-a0-535-g6f645e4c1d (webtiles) character file.

Game seed: 15387734335382616865

2386 willcat the Cutter (level 9, -30/63 HPs)
             Began as a Human Delver on Sept 26, 2021.
             Was an Initiate of Gozag.
             Killed by an exploding unseen horror (42 damage)
             ... ignited by their inner flame
             ... on level 8 of the Dungeon.
             The game lasted 00:08:37 (6142 turns).

willcat the Cutter (Human Delver)                   Turns: 6142, Time: 00:08:38

Health: -30/63     AC:  3    Str: 12    XL:     9   Next: 74%
Magic:  10/17      EV: 13    Int: 15    God:    Gozag
Gold:   288        SH:  0    Dex: 14    Spells: 13/19 levels left

rFire   . . .      SeeInvis .   w - +2 dire flail (protect)
rCold   . . .      Faith    .   (shield currently unavailable)
rNeg    . . .      Spirit   .   b - +0 leather armour
rPois   .          Reflect  .   (no helmet)
rElec   .          Harm     .   (no cloak)
rCorr   .          Rampage  .   (no gloves)
Will    .....                   (no boots)
Stlth   +++.......              (no amulet)
HPRegen 0.20/turn               (no ring)
MPRegen 0.15/turn               (no ring)

@: gold aura
A: no striking features
a: Renounce Religion, Potion Petition, Call Merchant, Bribe Branch


You were on level 8 of the Dungeon.
You worshipped Gozag.
Gozag was aware of your devotion.
You visited 2 branches of the dungeon, and saw 5 of its levels.

You collected 357 gold pieces.
You paid 69 gold pieces to Gozag.

Inventory:

Hand Weapons
 a - a +0 short sword
 w - a +2 dire flail of protection (weapon)
Missiles
 s - 2 curare-tipped darts (quivered)
Armour
 b - a +0 leather armour (worn)
Magical Staves
 p - a staff of cold
Wands
 g - a wand of digging (2)
 n - a wand of polymorph (7)
Scrolls
 c - 2 scrolls of fog
 d - a scroll of magic mapping
 e - a scroll of brand weapon {unknown}
 i - a scroll of identify {unknown}
 j - a scroll of vulnerability {unknown}
 k - a scroll of immolation
 q - a scroll of summoning
 t - a scroll of enchant weapon {unknown}
Potions
 f - a potion of haste
 h - a potion of brilliance {unknown}
 l - 2 potions of might {unknown}
 m - a potion of curing
 o - a potion of mutation {unknown}
 r - a potion of resistance {unknown}
 u - a potion of lignification {unknown}
 v - 2 potions of degeneration {unknown}


   Skills:
 - Level 3.0 Fighting
 - Level 6.3 Short Blades
 + Level 0.0 Maces & Flails
 - Level 2.6 Throwing
 - Level 4.0 Dodging
 - Level 5.6 Stealth
 + Level 5.6 Spellcasting
 + Level 6.1 Fire Magic
 + Level 2.6 Evocations


You had 13 spell levels left.
You knew the following spells:

 Your Spells              Type           Power      Damage    Failure   Level
a - Scorch                Fire           44%        2d7       2%          2
b - Flame Wave            Conj/Fire      13%        3d5       47%         4

Your spell library contained the following spells:

 Spells                   Type           Power      Damage    Failure   Level
 Slow                     Hex            4%         N/A       30%         2
 Confusing Touch          Hex            4%         N/A       52%         3
 Vampiric Draining        Necr           2%         2d6       52%         3
 Summon Cactus Giant      Summ           2%         N/A       100%        6


Dungeon Overview and Level Annotations

Branches:
Dungeon (8/15)             Temple (1/1) D:7
   Lair: D:8-11

Altars:
Cheibriados
Dithmenos
Elyvilon
Gozag
Kikubaaqudgha
Makhleb
Nemelex Xobeh
Okawaru
Qazlal
Ru
Uskayaw
Vehumet
Wu Jian
Xom
Zin


Message History

Casting: Scorch (safe; 2% risk of failure)
Confirm with . or Enter, or press ? or * to list all spells.
Flames lash something.
You hear a shout!
Something hits you.
A centaur zombie comes into view.
Unknown command.
Unknown command.
Something hits you.
A shadow imp comes into view.
Something hits you!
Casting: Scorch (safe; 2% risk of failure)
Confirm with . or Enter, or press ? or * to list all spells.
Okay, then.
Okay, then.
Okay, then.
As you read the scroll labelled YRHOITR GOISATH, it crumbles to dust.
The creatures around you are filled with an inner flame!
It was a scroll of immolation.
Something hits you.
* * * LOW HITPOINT WARNING * * *
Unknown command.
As you read the scroll labelled BAQODESOMM, it crumbles to dust.
Wisps of shadow whirl around you...
It was a scroll of summoning.
Something hits you.
* * * LOW HITPOINT WARNING * * *
The shadow imp hits you.
* * * LOW HITPOINT WARNING * * *
You feel better. Something hits you!
* * * LOW HITPOINT WARNING * * *
The centaur zombie hits your steam dragon but does no damage.
The centaur zombie kicks your steam dragon but does no damage.
Your yak gores the centaur zombie but does no damage.
The shadow imp closely misses you.
Your yak gores something!
Reactivating autopickup.
You feel a bit more experienced.
The unseen horror explodes!
The fiery explosion engulfs you!!!
Ouch! That really hurt!
You die...
Your body crumbles into a pile of gold.

..... #... ........
#...###... #..$....
.......... #..Y.... #......)
.. #$.....# #.......
..###......#. . #.......
.##..#...h..§##>.# #.#.....
..........YoY§#.######.#...#.
.......o.D..@5Y...!#......###
........>ZY.o#......g......#.
.............##.....#.###....
..........##..#........##..#.
......)...#..##..#...........
..............##.##[.........
.......#...#.... ........#..
......##<....... ..#.#....#..
.....# ###.......#.####.###..


You could see a shadow imp (inner flame, ally target), a centaur zombie (inner
flame, ally target), 5 friendly yaks, a friendly steam dragon (summoned), a
friendly howler monkey (summoned), a friendly orc wizard (summoned) and 2
friendly orcs.

Vanquished Creatures
  Pikel (D:6)
  A wyvern (D:8)
  6 yaks
  Edmund (D:5)
  A water moccasin (D:7)
  An ogre (D:5)
  A phantom (D:7)
  2 bullfrogs
  2 scorpions
  A howler monkey (D:5)
  A centaur zombie (D:5)
  A bullfrog zombie (D:6)
  A gnoll shaman (D:5)
  A killer bee zombie (D:7)
  8 gnolls
  3 adders
  2 shadow imps (D:7)
  2 white imps
  An ufetubus (D:6)
  2 giant cockroaches (D:5)
  3 quokkas (D:5)
42 creatures vanquished.

Vanquished Creatures (collateral kills)
  An unseen horror (D:8)
1 creature vanquished.

Grand Total: 43 creatures vanquished

Notes
Turn   | Place    | Note
-------+----------+-------------------------------------------
     0 | D:5      | willcat the Human Delver began the quest for the Orb.
     0 | D:5      | Reached XP level 1. HP: 18/18 MP: 1/1
    33 | D:5      | Noticed a howler monkey
    37 | D:5      | Noticed a yak
    41 | D:5      | Noticed a yak
    44 | D:5      | Noticed a yak
    48 | D:5      | Noticed a yak
   287 | D:6      | Reached XP level 2. HP: 24/24 MP: 2/2
   341 | D:6      | Reached XP level 3. HP: 11/29 MP: 3/3
   630 | D:6      | Noticed a bullfrog
   644 | D:6      | Killed a bullfrog
   645 | D:6      | Reached skill level 1 in Throwing
   645 | D:6      | Reached XP level 4. HP: 20/35 MP: 4/4
   645 | D:6      | Reached XP level 5. HP: 23/41 MP: 5/5
  1085 | D:6      | Learned a level 2 spell: Scorch
  1485 | D:5      | Reached skill level 1 in Fire Magic
  1485 | D:5      | Reached XP level 6. HP: 34/47 MP: 2/7
  1579 | D:5      | Noticed a yak
  1579 | D:5      | Noticed a yak
  1619 | D:6      | Killed a yak
  1620 | D:6      | Reached skill level 1 in Spellcasting
  1727 | D:5      | Reached XP level 7. HP: 37/52 MP: 6/9
  2734 | D:5      | Found a hide-covered altar of Uskayaw.
  2812 | D:5      | Killed a yak
  2813 | D:5      | Reached XP level 8. HP: 58/58 MP: 2/12
  2815 | D:5      | Killed a yak
  3008 | D:6      | Killed a yak
  3009 | D:6      | Reached skill level 5 in Short Blades
  3415 | D:7      | Noticed Pikel
  3476 | D:6      | Killed Pikel
  3477 | D:6      | Reached skill level 5 in Fire Magic
  3477 | D:6      | Reached XP level 9. HP: 44/63 MP: 2/16
  3834 | D:7      | Found a staircase to the Ecumenical Temple.
  3862 | Temple   | Entered the Ecumenical Temple
  4013 | Temple   | Became a worshipper of Gozag Ym Sagoz the Greedy
  4376 | D:7      | Found a burning altar of Makhleb.
  4590 | D:8      | Reached skill level 5 in Spellcasting
  4590 | D:8      | Reached skill level 1 in Evocations
  4865 | D:8      | Learned a level 4 spell: Flame Wave
  5176 | D:5      | Noticed Edmund
  5874 | D:5      | Killed Edmund
  6142 | D:8      | Killed an unseen horror
  6142 | D:8      | Killed by an exploding unseen horror... ignited by their
                  | inner flame

Illustrated notes

Levels and vault maps discovered:
D:5:      layout_basic, mainiacjoe_overflow_alcove_2, portal_sewer_entry_f,
          uniq_edmund
D:6:      layout_loops_ring
D:7:      layout_loops_ring, makhleb_grotto_becter,
          minmay_temple_entry_statues_fountains, uniq_pikel
D:8:      layout_cave_pools, lemuel_crystal_altar,
          ashenzari_conservatory_becter, hangedman_feature_mirror
Temple:   dshaligram_water_room_temple

Skill      XL: |  1  2  3  4  5  6  7  8  9 |
---------------+----------------------------+-----
Short Blades   | 3 4 6 |  6.3
Throwing       | 1 2 |  2.6
Dodging        | 3 4 |  4.0
Fire Magic     | 1 3 5 6 |  6.1
Spellcasting   | 1 2 4 5 |  5.6
Evocations     | 2 |  2.6
Fighting       | |  3.0
Stealth        | |  5.6

Action                   |  1- 3 |  4- 6 |  7- 9 || total
-------------------------+-------+-------+-------++-------
Melee: Short sword       |    23 |    37 |    74 ||   134
Throw: Dart              |     2 |     5 |     8 ||    15
       Throwing net      |       |       |     1 ||     1
 Cast: Scorch            |       |     5 |    92 ||    97
Evoke: Wand              |       |       |     1 ||     1
  Use: Scroll            |     1 |       |     2 ||     3
       Potion            |       |       |     2 ||     2
 Stab: Sleeping          |     3 |       |     2 ||     5
       Held in net/web   |       |       |     2 ||     2
Armor: Leather armour    |     2 |     7 |    18 ||    27
Dodge: Dodged            |    11 |    25 |    72 ||   108

Table legend: (Time is in decaauts)
 A = Elapsed time spent in this place.
 B = Non-inter-level travel time spent in this place.
 C = Inter-level travel time spent in this place.
 D = Time resting spent in this place.
 E = Time spent auto-exploring this place.
 F = Levels seen in this place.
 G = Mean time per level.
                   A        B        C        D        E       F      G
               +--------+--------+--------+--------+--------+-----+--------+
         Total |   6141 |   5760 |    381 |   2500 |   2139 |   5 | 1228.2 |
       Dungeon |   5967 |   5647 |    320 |   2500 |   2039 |   4 | 1491.8 |
        Temple |    174 |    113 |     61 |      0 |    100 |   1 |  174.0 |
               +--------+--------+--------+--------+--------+-----+--------+

Top non-repeatable levels by time:
     D:6: 2523 daAuts
     D:5: 1864 daAuts
     D:7: 1107 daAuts
     D:8: 471 daAuts
  Temple: 174 daAuts
